 Dungeon Crawl Stone Soup version 0.18.1-48-g4cf74bf (webtiles) character file.

35 Necrotakul the Digger (level 3, 0/24 HPs)
             Began as a Vampire Earth Elementalist on July 11, 2016.
             Slain by Jessica
             ... wielding a +0 dagger
              (5 damage)
             ... on level 2 of the Dungeon.
             The game lasted 00:07:29 (1312 turns).

Necrotakul the Digger (Vampire Earth Elementalist)  Turns: 1312, Time: 00:07:30

Health: 0/24       AC:  3    Str:  7    XL:     3   Next: 16%
Magic:  6/6        EV: 12    Int: 18    God:
Gold:   67         SH:  0    Dex: 14    Spells: 1 memorised, 5 levels left

rFire  . . .     SeeInvis +     m - +2 whip (elec)
rCold  + . .     Gourm    .     a - +0 robe
rNeg   + + .     Faith    .     (no shield)
rPois  +         Spirit   .     (no helmet)
rElec  .         Dismiss  .     (no cloak)
rCorr  .         Reflect  .     (no gloves)
SustAt .         Harm     .     j - +0 pair of boots
MR     .....                    (no amulet)
Stlth  ++........               (no ring)
                                (no ring)

@: regenerating slowly, hasted and slowed, not resistant to hostile
enchantments, unstealthy
A: fangs 3, see invisible, unbreathing
a: Bat Form


You were on level 2 of the Dungeon.
You were very thirsty.

You visited 1 branch of the dungeon, and saw 2 of its levels.

You collected 67 gold pieces.

Inventory:

Hand Weapons
 m - a +2 whip of electrocution (weapon)
Missiles
 b - 68 stones (quivered)
Armour
 a - a +0 robe (worn)
 j - a +0 pair of boots (worn)
Jewellery
 k - an uncursed amulet of rage {unknown}
Scrolls
 e - a scroll of identify
 h - 2 scrolls of teleportation {unknown}
 l - 2 scrolls of noise {unknown}
 n - a scroll of immolation {unknown}
 o - a scroll of remove curse {unknown}
 p - a scroll of enchant weapon {unknown}
Potions
 d - 3 potions of blood
 f - 3 potions of haste
 g - a potion of curing {unknown}
 i - a potion of beneficial mutation {unknown}
Books
 c - a book of Geomancy

   Spells                             Type                      Level
   a - Sandblast                      Earth                        1
   b - Passwall                       Transmutation/Earth          2
   c - Stone Arrow                    Conjuration/Earth            3
   d - Petrify                        Transmutation/Earth          4
   e - Lee's Rapid Deconstruction     Earth                        5


   Skills:
 - Level 2.2 Dodging
 - Level 3.0 Stealth
 - Level 2.1 Spellcasting
   Level 1.1 Transmutations
 + Level 4.2 Earth Magic


You had 5 spell levels left.
You knew the following spells:

 Your Spells              Type           Power        Failure   Level  Hunger
a - Sandblast             Erth           ###...       3%          1    #......


Dungeon Overview and Level Annotations

Branches:
Dungeon (2/15)

Altars:
Ashenzari

Annotations:
D:2 Jessica


Innate Abilities, Weirdness & Mutations

You heal slowly.
You have razor-sharp teeth.
You have supernaturally acute eyesight.
You can survive without breathing.


Message History

Jessica barely misses you. Jessica hits you with a dagger.
* * * LOW HITPOINT WARNING * * *
You closely miss Jessica. Jessica hits you but does no damage.
Jessica gestures wildly while chanting.
Jessica blinks!
Jessica grins evilly.
You closely miss the jackal. Your bite misses the jackal.
The jackal closely misses you.
The jackal bites you but does no damage.
A jackal comes into view.
Read which item? (? for menu, Esc to quit)
As you read the scroll labeled GAUCIO LUIGYD, it crumbles to dust.
It is a scroll of identify.
Identify which item? (\ to view known items) (? for menu, Esc to quit)
f - 4 potions of haste The jackal closely misses you. x2; Jessica hits you with a dagger.
* * * LOW HITPOINT WARNING * * *
Drink which item? (? for menu, Esc to quit)
You feel yourself speed up. Jessica hits you with a dagger.
You die...

#.# .####
#.# #.##
#... #.# #h#
... #.# #.#
#### #h# #.#
#... #@# #.#
#.## #@# #.#
#.## #.# #.#
#.## #.# #.#
#.##
#.######.###
#.##
#..........#
#.##
########.#.#
#...
#.#.#######
##.#........


You could see Jessica and 2 jackals.

Vanquished Creatures
  A dart slug (D:1)
  A ball python (D:1)
  A giant cockroach (D:1)
  10 goblins
  4 hobgoblins
  3 bats
  3 giant newts
  4 kobolds
  4 rats
31 creatures vanquished.

Vanquished Creatures (others)
  A quokka (D:2)
1 creature vanquished.

Grand Total: 32 creatures vanquished

Notes
Turn   | Place    | Note
--------------------------------------------------------------
     0 | D:1      | Necrotakul the Vampire Earth Elementalist began the quest for the Orb.
     0 | D:1      | Reached XP level 1. HP: 13/13 MP: 3/3
   248 | D:1      | Reached XP level 2. HP: 19/19 MP: 3/5
   316 | D:1      | Found a shattered altar of Ashenzari.
   848 | D:2      | Reached skill level 4 in Earth Magic
   893 | D:2      | Reached XP level 3. HP: 16/24 MP: 2/6
  1175 | D:2      | Noticed Jessica
  1312 | D:2      | Slain by Jessica

Skill      XL: |  1  2 |
---------------+-------+-----
Earth Magic    | 4 |  4.2
Dodging        | |  2.2
Stealth        | |  3.0
Spellcasting   | |  2.1
Transmutations | |  1.1

Action                   || total
-------------------------++-------
Melee: Whip              ||    37
 Cast: Sandblast         ||    25
  Use: Scroll            ||     1
       Potion            ||     1
 Stab: Sleeping          ||     3
Armor: Robe              ||     4
Dodge: Dodged            ||    24
